 Dungeon Sprint DCSS version 0.29.1-15-g9cfb28693d (webtiles) character file.

Game seed: 14019248128389635176

74 Groucho the Sneak (level 4, -1/21 HPs)
             Began as a Spriggan Venom Mage on Mar 30, 2023.
             Drowned by a water elemental (3 damage)
             ... in the Dungeon (Sprint III: "The Ten Rune Challenge").
             The game lasted 00:05:25 (1674 turns).

Groucho the Sneak (Spriggan Venom Mage)             Turns: 1674, Time: 00:05:26

Health: -1/21      AC:  4    Str:  6    XL:     4   Next: 10%
Magic:  1/11       EV: 18    Int: 16    God:
Gold:   37         SH:  0    Dex: 15    Spells: 5/11 levels left

rFire   . . .      SeeInvis +   h - +0 dagger
rCold   . . .      Faith    .   (no shield)
rNeg    . . .      Spirit   .   i - +0 robe
rPois   .          Reflect  .   (helmet restricted)
rElec   .          Harm     .   a - +1 cloak
rCorr   .          Rampage  .   (gloves unavailable)
Will    .....      NoTele   +   (boots unavailable)
Stlth   +++.......              (no amulet)
HPRegen 0.07/turn               (no ring)
MPRegen 0.12/turn               (no ring)

@: engulfed (cannot breathe), very quick
A: very small, no large weapons, unfitting armour, see invisible, speed 3
a: no special abilities


You were in the Dungeon.
You visited 1 branch You collected 37 gold pieces.

Inventory:

Hand Weapons
 h - a +0 dagger (weapon)
Armour
 a - a +1 cloak (worn)
 i - a +0 robe (worn)
Scrolls
 g - a scroll of blinking
 k - 2 scrolls of immolation {unknown}
 l - 4 scrolls of identify
Potions
 b - 4 potions of magic
 c - a potion of curing
 d - 2 potions of heal wounds
 e - 2 potions of haste
 f - a potion of berserk rage
 j - 2 potions of mutation {unknown}
 m - 2 potions of flight


   Skills:
 + Level 4.5 Dodging
 + Level 5.3 Stealth
 + Level 4.2 Spellcasting
 + Level 1.7 Conjurations
 + Level 3.8 Transmutations
 * Level 5.0 Poison Magic
 + Level 2.5 Invocations


You had 5 spell levels left.
You knew the following spells:

 Your Spells              Type           Power      Damage    Failure   Level
a - Sting                 Tmut/Pois      68%        1d6       2%          1
b - Poisonous Vapours     Pois/Air       22%        N/A       9%          2
c - Mephitic Cloud        Conj/Pois/Air  10%        N/A       19%         3

Your spell library contained the following spells:

 Spells                   Type           Power      Damage    Failure   Level
 Olgreb's Toxic Radiance  Pois           19%        N/A       21%         4


Dungeon Overview and Level Annotations

Branches:
Dungeon (1/1)

Altars:


Innate Abilities, Weirdness & Mutations

You are very small and have problems with some larger weapons.
You are too small for most types of armour.
You have supernaturally acute eyesight. (SInv)
You cover ground extremely quickly. (Speed+++)


Message History

Press: ? - help, Shift-Dir - straight line, f/p - water elemental
Aim: a water elemental (heavily damaged, 84% to hit)
The sting hits the water elemental but does no damage.
The water elemental is heavily damaged.
Casting: Sting (safe; 2% risk of failure)
Confirm with . or Enter, or press ? or * to list all spells.
Aiming: Sting (safe; 2% risk of failure)
Press: ? - help, Shift-Dir - straight line, f/p - water elemental
Aim: a water elemental (heavily damaged, 84% to hit)
The sting hits the water elemental but does no damage.
The water elemental is heavily damaged.
Unknown command.
Casting: Sting (safe; 2% risk of failure)
Confirm with . or Enter, or press ? or * to list all spells.
Aiming: Sting (safe; 2% risk of failure)
Press: ? - help, Shift-Dir - straight line, f/p - water elemental
Aim: a water elemental (heavily damaged, 84% to hit)
The sting hits the water elemental but does no damage.
The water elemental is heavily damaged.
Unknown command.
Unknown command.
There is an open door to the Ecumenical Temple here.
There is a fountain of clear blue water here.
Casting: Sting (safe; 2% risk of failure)
Confirm with . or Enter, or press ? or * to list all spells.
Aiming: Sting (safe; 2% risk of failure)
Press: ? - help, Shift-Dir - straight line, f/p - water elemental
Aim: a water elemental (heavily damaged, 84% to hit)
The sting hits the water elemental.
The water elemental is heavily damaged.
Unknown command.
Casting: Sting (safe; 2% risk of failure)
Confirm with . or Enter, or press ? or * to list all spells.
You don't have enough magic to cast this spell.
The water elemental hits you!
Ouch! That really hurt!
* * * LOW HITPOINT WARNING * * *
The water elemental engulfs you in water!
You slip free of the water engulfing you.
You die...

▓▓▓▓▓▓ ▓▓▓ '....♣ ♣.#
#....♣ ♣.# #....♣♣♣ ♣♣.#
#....~.♣ ♣..###+#+###+##
#...~~.♣♣♣..#...E......#
#..~~~~..♣..'.⌠.@......#
#).~≈≈~~~.♣.#...######+#
#.~~≈~~~....#.⌠.#
#.~≈~~~.....#...#
#.~~~.......#+###
#...........#
............#
▓▓▓▓▓▓▓▓▓▓▓▓▓


You could see a water elemental.

Vanquished Creatures
  Crazy Yiuf (D)
  Jessica (D)
  A human (D)
  An endoplasm (D)
  2 rats (D)
6 creatures vanquished.

Vanquished Creatures (others)
  A plant (D)
1 creature vanquished.

Grand Total: 7 creatures vanquished

Notes
Turn   | Place    | Note
-------+----------+-------------------------------------------
     0 | D        | Groucho the Spriggan Venom Mage began the quest for the
                  | Orb.
     0 | D        | Reached XP level 1. HP: 9/9 MP: 5/5
   201 | D        | Noticed Jessica
   208 | D        | Killed Jessica
   209 | D        | Reached skill level 1 in Conjurations
   209 | D        | Reached skill level 1 in Invocations
   209 | D        | Reached XP level 2. HP: 13/13 MP: 1/7
   211 | D        | Reached XP level 3. HP: 16/16 MP: 0/9
   487 | D        | Learned a level 2 spell: Poisonous Vapours
   491 | D        | Learned a level 3 spell: Mephitic Cloud
   711 | D        | Noticed Crazy Yiuf
  1086 | D        | Killed Crazy Yiuf
  1087 | D        | Reached skill level 5 in Stealth
  1087 | D        | Reached skill level 5 in Poison Magic
  1087 | D        | Reached XP level 4. HP: 21/21 MP: 0/11
  1238 | D        | Noticed a water elemental
  1674 | D        | Drowned by a water elemental

Illustrated notes

Levels and vault maps discovered:
D:        dungeon_sprint_mu [sprint_mu_entry_forest, sprint_mu_temple_rooms,
          sprint_mu_d1_spiders, sprint_mu_d2_genie, sprint_mu_d3_branching,
          sprint_mu_orc_legion, sprint_mu_elf_gauntlet, sprint_mu_hive_nellie,
          sprint_mu_lair_fedhas, sprint_mu_vaults_butterflies,
          sprint_mu_slime_circle, sprint_mu_swamp_cave, sprint_mu_snake_twists,
          sprint_mu_blade_basic, sprint_mu_crypt_lich, sprint_mu_tomb_spiral,
          sprint_mu_vestibule_basic, sprint_mu_gehenna_hellfire,
          sprint_mu_dis_giant, sprint_mu_tartarus_statrot,
          sprint_mu_cocytus_islands, sprint_mu_zot1]

Skill      XL: |  1  2  3 |
---------------+----------+-----
Dodging        | 3 4 |  4.5
Stealth        | 4 5 |  5.3
Spellcasting   | 3 4 |  4.2
Conjurations   | 1 |  1.7
Transmutations | 3 |  3.8
Poison Magic   | 4 5 |  5.0
Invocations    | 1 2 |  2.5

Action                   |  1- 3 |  4- 6 || total
-------------------------+-------+-------++-------
Melee: Unarmed           |     1 |       ||     1
 Cast: Sting             |    16 |    34 ||    50
       Poisonous Vapours |     6 |       ||     6
       Mephitic Cloud    |     1 |       ||     1
Dodge: Dodged            |     5 |     3 ||     8
